Workbook

Sheet Tableau à checker
A1: Item Description | B1: Test | C1: Test 2
A2: Boite de 100 Pochettes perforées 9/100e 100% polypropylène recyclé | B2: =IF(SUMPRODUCT(N(ISNUMBER(FIND('Liste de mots à chercher'!$A$1:$A$84,A2))))>0,1,"") | C2: =IF(SUMPRODUCT(N(ISNUMBER(FIND('Liste de mots à chercher'!$B$1:$B$324,A2))))>0,1,"")
A3: 1 Multipot organiseur CEP Isis cristal. polystyrène 100% recyclable INCOLORE | B3: =IF(SUMPRODUCT(N(ISNUMBER(FIND('Liste de mots à chercher'!$A$1:$A$84,A3))))>0,1,"") | C3: =IF(SUMPRODUCT(N(ISNUMBER(FIND('Liste de mots à chercher'!$B$1:$B$324,A3))))>0,1,"")
A4: 1 Cartouche EPSON T130 noire Cerf | B4: =IF(SUMPRODUCT(N(ISNUMBER(FIND('Liste de mots à chercher'!$A$1:$A$84,A4))))>0,1,"") | C4: =IF(SUMPRODUCT(N(ISNUMBER(FIND('Liste de mots à chercher'!$B$1:$B$324,A4))))>0,1,"")
A5: Sachet de 25 Chemises à lamelles personnalisables DURABLE Duraplus ASSORTIS | B5: =IF(SUMPRODUCT(N(ISNUMBER(FIND('Liste de mots à chercher'!$A$1:$A$84,A5))))>0,1,"") | C5: =IF(SUMPRODUCT(N(ISNUMBER(FIND('Liste de mots à chercher'!$B$1:$B$324,A5))))>0,1,"")
A6: Boite de 12 Crayon graphite BIC EVOLUTION 650 HB | B6: =IF(SUMPRODUCT(N(ISNUMBER(FIND('Liste de mots à chercher'!$A$1:$A$84,A6))))>0,1,"") | C6: =IF(SUMPRODUCT(N(ISNUMBER(FIND('Liste de mots à chercher'!$B$1:$B$324,A6))))>0,1,"")
A7: 1 Cartouche LEXMARK C540H1KG noire | B7: =IF(SUMPRODUCT(N(ISNUMBER(FIND('Liste de mots à chercher'!$A$1:$A$84,A7))))>0,1,"") | C7: =IF(SUMPRODUCT(N(ISNUMBER(FIND('Liste de mots à chercher'!$B$1:$B$324,A7))))>0,1,"")
A8: 1 Cartouche LEXMARK C540H1CG cyan | B8: =IF(SUMPRODUCT(N(ISNUMBER(FIND('Liste de mots à chercher'!$A$1:$A$84,A8))))>0,1,"") | C8: =IF(SUMPRODUCT(N(ISNUMBER(FIND('Liste de mots à chercher'!$B$1:$B$324,A8))))>0,1,"")
A9: 1 Cartouche LEXMARK C540H1MG magenta | B9: =IF(SUMPRODUCT(N(ISNUMBER(FIND('Liste de mots à chercher'!$A$1:$A$84,A9))))>0,1,"") | C9: =IF(SUMPRODUCT(N(ISNUMBER(FIND('Liste de mots à chercher'!$B$1:$B$324,A9))))>0,1,"")
A10: 1 Cartouche LEXMARK C540H1YG jaune | B10: =IF(SUMPRODUCT(N(ISNUMBER(FIND('Liste de mots à chercher'!$A$1:$A$84,A10))))>0,1,"") | C10: =IF(SUMPRODUCT(N(ISNUMBER(FIND('Liste de mots à chercher'!$B$1:$B$324,A10))))>0,1,"")
A11: 1 Cartouche LEXMARK 0X264H11G noire | B11: =IF(SUMPRODUCT(N(ISNUMBER(FIND('Liste de mots à chercher'!$A$1:$A$84,A11))))>0,1,"") | C11: =IF(SUMPRODUCT(N(ISNUMBER(FIND('Liste de mots à chercher'!$B$1:$B$324,A11))))>0,1,"")
A12: 1 Cartouche ARMOR équiv. HP CB435A noire | B12: =IF(SUMPRODUCT(N(ISNUMBER(FIND('Liste de mots à chercher'!$A$1:$A$84,A12))))>0,1,"") | C12: =IF(SUMPRODUCT(N(ISNUMBER(FIND('Liste de mots à chercher'!$B$1:$B$324,A12))))>0,1,"")
A13: 1 Cartouche SAGEM ICR333 noire | B13: =IF(SUMPRODUCT(N(ISNUMBER(FIND('Liste de mots à chercher'!$A$1:$A$84,A13))))>0,1,"") | C13: =IF(SUMPRODUCT(N(ISNUMBER(FIND('Liste de mots à chercher'!$B$1:$B$324,A13))))>0,1,"")
... A5962: 1 Ramette de 500 feuilles de papier blanc DOUBLE A -A3 80G | B5962: =IF(SUMPRODUCT(N(ISNUMBER(FIND('Liste de mots à chercher'!$A$1:$A$84,A5962))))>0,1,"") | C5962: =IF(SUMPRODUCT(N(ISNUMBER(FIND('Liste de mots à chercher'!$B$1:$B$324,A5962))))>0,1,"")

Sheet Liste de mots à chercher
A1: Aérosol | B1: Acide
A2: Anneau | B2: ACIDE
A3: Bermuda | B3: acide
A4: Blouse | B4: AEROSOL
A5: Blouson | B5: Aerosol
A6: Bombe | B6: aerosol
A7: Bottes | B7: Aérosol
A8: Bottines | B8: aérosol
A9: Cable | B9: Anneau
A10: Câbles | B10: ANNEAU
A11: Cafetiere | B11: anneau
A12: Cafetière | B12: Auditives
... A84: Visière | B84: Degraissant
B85: DEGRAISSANT
B86: degraissant
B87: Dégraissant
B88: dégraissant
B89: DEGRIPPANT
B90: Degrippant
B91: degrippant
B92: Dégrippant
B93: dégrippant
B94: DESOXYDANT
B95: Desoxydant
B96: desoxydant
... B324: visière

Sheet Feuil3
